 Dungeon Crawl Stone Soup version 0.27.0-1-g7a089689b8 (webtiles) character file.

Game seed: 17549480416647730746

49 pkoi the Insei (level 3, -7/29 HPs)
             Began as a Demonspawn Monk on Aug 9, 2021.
             Mangled by Sigmund (11 damage)
             ... on level 2 of the Dungeon.
             The game lasted 00:00:52 (878 turns).

pkoi the Insei (Demonspawn Monk)                     Turns: 878, Time: 00:00:52

Health: -7/29      AC:  3    Str: 12    XL:     3   Next: 51%
Magic:  3/3        EV: 16    Int: 11    God:
Gold:   66         SH:  0    Dex: 15    Spells: 2/2 levels left

rFire    . . .     SeeInvis .   c - +4 dagger
rCold    . . .     Faith    .   (no shield)
rNeg     . . .     Spirit   .   a - +0 robe
rPois    .         Reflect  .   (no helmet)
rElec    .         Harm     .   d - +0 cloak
rCorr    .         Rampage  .   (no gloves)
Will     .....                  (no boots)
Stlth    ++........             (no amulet)
HPRegen  0.09/turn              f - +4 ring of evasion
MPRegen  0.08/turn              (no ring)

@: no status effects
A: hooves 1, powered by death 1
a: no special abilities


You were on level 2 of the Dungeon.
You visited 1 branch of the dungeon, and saw 2 of its levels.

You collected 66 gold pieces.

Inventory:

Hand Weapons
 b - a +2 mace of pain
 c - a +4 dagger (weapon)
Armour
 a - a +0 robe (worn)
 d - a +0 cloak (worn)
Jewellery
 f - a +4 ring of evasion (left hand)
Potions
 e - a potion of heal wounds {unknown}


   Skills:
 - Level 3.0 Fighting
 - Level 2.6 Dodging
 - Level 1.7 Stealth
 + Level 4.2 Unarmed Combat


You had 2 spell levels left.
You didn't know any spells.
Your spell library was empty.

Dungeon Overview and Level Annotations

Branches:
Dungeon (2/15)

Altars:

Shops:
D:2 =

Annotations:
D:2 Sigmund


Innate Abilities, Weirdness & Mutations

You have large cloven feet.
You regenerate a little health from kills.


Message History

Sigmund the Dreaded comes into view.
He is wielding a +0 scythe.
Sigmund shouts!
Sigmund misses you.
Sigmund is nearby!
Sigmund is nearby!
Sigmund is nearby!
Sigmund screams, "Don't try to resist!"
Sigmund misses you.
You closely miss Sigmund. Your kick misses Sigmund. Sigmund closely misses you.
You hit Sigmund.
Sigmund is lightly wounded.
Sigmund hits you but does no damage.
You hit Sigmund.
Sigmund is lightly wounded.
Sigmund closely misses you.
You hit Sigmund.
Sigmund is moderately wounded.
Sigmund completely misses you.
You hit Sigmund. You kick Sigmund.
Sigmund is moderately wounded.
Sigmund completely misses you.
You hit Sigmund. You kick Sigmund, but do no damage.
Sigmund is heavily wounded.
Sigmund completely misses you.
You closely miss Sigmund. Your kick misses Sigmund.
Sigmund is heavily wounded.
Sigmund hits you with a +0 scythe!
You closely miss Sigmund. You kick Sigmund.
Sigmund is heavily wounded.
Sigmund gestures at you while chanting. The puff of flame hits you.
You hit Sigmund.
Sigmund is severely wounded.
Sigmund casts a spell.
Sigmund flickers and vanishes!
Deactivating autopickup; reactivate with Ctrl-A.
You hit something. You kick something. Something hits you!
* * * LOW HITPOINT WARNING * * *
You barely miss something. Something hits you!
You die...

........#.##.#.#
..........##.#.#
#.........#.##
###..####.#>..
#...# #.#..#
#.#.# #.#..#
#.#.# #.#..#
#.#.# #.#{.#
#.#.#.####.#@.#
##.............#
........∩....####
.....####.####
###.......#
#########


There were no monsters in sight!

Vanquished Creatures
  Natasha (D:2)
  An adder (D:2)
  2 ball pythons (D:1)
  3 goblins (D:1)
  3 hobgoblins (D:1)
  A bat (D:2)
  A frilled lizard (D:1)
  2 kobolds (D:1)
  3 rats (D:1)
17 creatures vanquished.

Notes
Turn   | Place    | Note
-------+----------+-------------------------------------------
     0 | D:1      | pkoi the Demonspawn Monk began the quest for the Orb.
     0 | D:1      | Reached XP level 1. HP: 18/18 MP: 1/1
   125 | D:1      | Reached skill level 3 in Unarmed Combat
   360 | D:1      | Gained mutation: You regenerate a little health from kills.
                  | [demonic ancestry]
   360 | D:1      | Reached XP level 2. HP: 24/24 MP: 2/2
   751 | D:2      | Noticed Natasha
   753 | D:2      | Noticed a crimson imp
   756 | D:2      | Killed Natasha
   757 | D:2      | Reached skill level 4 in Unarmed Combat
   757 | D:2      | Gained mutation: You have large cloven feet. [demonic
                  | ancestry]
   757 | D:2      | Reached XP level 3. HP: 23/29 MP: 3/3
   852 | D:2      | Found Soguf's Jewellery Emporium.
   866 | D:2      | Noticed Sigmund
   878 | D:2      | Mangled by Sigmund

Illustrated notes

Levels and vault maps discovered:
D:1:      dpeg_arrival_three_smaller_balls, layout_basic
D:2:      layout_loops_ring, shapermc_ecumenical_altar_notcrosses, serial_shops,
          nicolae_shop_overgrown_old_shop, shop, nicolae_shop_stone, shop,
          uniq_sigmund, uniq_natasha, uniq_crazy_yiuf_cottage

Skill      XL: |  1  2 |
---------------+-------+-----
Unarmed Combat | 3 4 |  4.2
Fighting       | |  3.0
Dodging        | |  2.6
Stealth        | |  1.7

Action                   || total
-------------------------++-------
Melee: Unarmed           ||    12
       Dagger            ||    41
       Mace              ||     3
       Kick              ||     6
Armor: Robe              ||     8
Dodge: Dodged            ||    40
